 Dungeon Crawl Stone Soup version 0.30-a0-305-g026cb31310 (webtiles) character file.

Game seed: 3826697041629398307

301 loralnil the Shield-Bearer (level 6, 0/39 HPs)
             Began as a Gargoyle Fighter on Oct 21, 2022.
             Killed by divine providence
             ... invoked by an orc priest
              (13 damage)
             ... on level 4 of the Dungeon.
             The game lasted 00:05:48 (2667 turns).

loralnil the Shield-Bearer (Gargoyle Fighter)       Turns: 2667, Time: 00:05:48

Health: 0/39       AC: 13    Str: 25    XL:     6   Next: 37%
Magic:  6/6        EV:  9    Int:  9    God:
Gold:   259        SH:  5    Dex: 12    Spells: 5/5 levels left

rFire   . . .      SeeInvis .    n - +2 morningstar (holy)
rCold   . . .      Faith    .    c - +0 buckler
rNeg    + . .      Spirit   .    b - +0 scale mail
rPois   ∞          Reflect  .    (no helmet)
rElec   +          Harm     .    (no cloak)
rCorr   .          Rampage  .    i - +1 pair of gloves "Itwaurij" {Str+4 Dex+3}
Will    .....                    (no boots)
Stlth   ..........               u - amulet of magic regeneration
HPRegen 0.26/turn                (no ring)
MPRegen 0.50/turn                (no ring)

@: no status effects
A: sickness immunity, AC +4, negative energy resistance 1, electricity
resistance, torment resistance 1, petrification resistance
a: no special abilities


You were on level 4 of the Dungeon.
You visited 1 branch of the dungeon, and saw 4 of its levels.

You collected 259 gold pieces.

Inventory:

Hand Weapons
 n - a +2 morningstar of holy wrath (weapon)
Armour
 b - a +0 scale mail (worn)
 c - a +0 buckler (worn)
 i - the +1 pair of gloves "Itwaurij" (worn) {Str+4 Dex+3}
   (You acquired it on level 2 of the Dungeon)

   Str:       It affects your strength (+4).
   Dex:       It affects your dexterity (+3).
Jewellery
 u - an amulet of magic regeneration (around neck)
Scrolls
 a - a scroll of poison
 f - 2 scrolls of blinking
 k - a scroll of magic mapping {unknown}
 o - a scroll of teleportation {unknown}
 q - a scroll of enchant weapon {unknown}
 t - a scroll of enchant armour {unknown}
 v - a scroll of immolation {unknown}
Potions
 d - a potion of might
 e - a potion of mutation {unknown}
 g - a potion of heal wounds {unknown}
 h - a potion of cancellation {unknown}
 j - 3 potions of curing
 l - a potion of haste {unknown}
 m - 2 potions of attraction
 p - 2 potions of lignification {unknown}
 r - a potion of ambrosia {unknown}
 s - 2 potions of flight {unknown}


   Skills:
 + Level 4.7 Fighting
 + Level 3.5 Maces & Flails
 + Level 4.7 Armour
 + Level 4.8 Shields


You had 5 spell levels left.
You didn't know any spells.
Your spell library contained the following spells:

 Spells                   Type           Power      Damage    Failure   Level
 Portal Projectile        Hex/Tloc       0%         N/A       98%         3
 Tukima's Dance           Hex            0%         N/A       98%         3
 Passage of Golubria      Tloc           0%         N/A       100%        4
 Blade Hands              Tmut           0%         N/A       100%        5
 Yara's Violent Unravell  Hex/Tmut       0%         3d3       100%        5


Dungeon Overview and Level Annotations

Branches:
Dungeon (4/15)
 Temple: D:4-7

Altars:

Shops:
D:1 [


Innate Abilities, Weirdness & Mutations

You are immune to sickness and miasma.
Your stone body is resilient. (AC +4)
You are immune to poison.
You resist negative energy. (rN+)
You are resistant to electric shocks. (rElec)
You are resistant to unholy torment.
You are immune to petrification.


Message History

You kill the orc priest!
You hear some strange, mumbled words.
You are confused.
You bump into the rock wall.
You barely miss something. Something hits you but does no damage.
The orc throws a poisoned dart.
The poisoned dart barely misses you.
You're too confused to move!
Something hits you but does no damage.
You bump into the rock wall.
The orc throws a poisoned dart.
Something hits you but does no damage.
You bump into the rock wall.
You feel less confused.
The orc throws a poisoned dart.
You block the poisoned dart. Something hits you but does no damage.
You barely miss something.
You hear some strange, mumbled words.
A puff of flame appears from out of thin air!
The puff of flame hits you.
The orc throws a poisoned dart.
The poisoned dart hits you! Something hits you but does no damage.
You closely miss something.
The orc throws a poisoned dart.
The poisoned dart hits you! Something hits you but does no damage.
You miss something.
The orc priest begins to cast a cantrip, but forgets the words!
Something hits you. x2
* * * LOW HITPOINT WARNING * * *
You puncture something!
Reactivating autopickup.
You feel a bit more experienced.
You hit the orc.
The orc is heavily wounded.
The orc hits you but does no damage.
You barely miss the orc.
The orc is heavily wounded.
The orc hits you but does no damage. The orc barely misses you.
The orc priest calls upon Beogh to heal the orc.
The orc's wounds heal themselves!
You closely miss the orc. The orc hits you but does no damage.
You barely miss the orc. You block the orc's attack.
The orc priest mumbles some strange prayers to Beogh against you.
Beogh smites you!
You die...

##########.#.############
.........†...............
##########.#.#.####.#.###
#.#...# # #.##### #.# #.#
#.##########.## #####
#......@oo....# #...#
############..# #...#
####...# ...'...#
#.##.[.# #.##.####
#.##..).######
#............+


You could see an orc priest and an orc.

Vanquished Creatures
  An ice beast (D:3)
  A howler monkey (D:4)
  An orc priest (D:4)
  An orc wizard (D:4)
  4 gnolls (D:2)
  A worm (D:4)
  A dart slug (D:1)
  7 orcs
  5 ball pythons
  7 bats
  9 endoplasms
  5 giant cockroaches
  11 goblins
  5 hobgoblins
  4 kobolds
  2 quokkas
  4 frilled lizards
  4 rats
73 creatures vanquished.

Notes
Turn   | Place    | Note
-------+----------+-------------------------------------------
     0 | D:1      | loralnil the Gargoyle Fighter began the quest for the Orb.
     0 | D:1      | Reached XP level 1. HP: 14/14 MP: 1/1
    53 | D:1      | Reached XP level 2. HP: 14/19 MP: 2/2
   165 | D:1      | Found Hinkeebo's Antique Armour Emporium.
   396 | D:1      | Reached XP level 3. HP: 21/23 MP: 3/3
   930 | D:2      | Identified a scroll of acquirement
   930 | D:2      | Acquired the +1 pair of gloves "Itwaurij" {Str+4 Dex+3}
  1343 | D:2      | Reached XP level 4. HP: 29/29 MP: 4/4
  2140 | D:3      | Noticed an ice beast
  2147 | D:3      | Killed an ice beast
  2148 | D:3      | Reached XP level 5. HP: 34/34 MP: 5/5
  2610 | D:4      | Reached XP level 6. HP: 39/39 MP: 6/6
  2667 | D:4      | Killed from afar by an orc priest

Illustrated notes

Levels and vault maps discovered:
D:1:      minmay_arrival_four_circles, layout_loops_ring, serial_shops,
          shop_fountains
D:2:      layout_basic
D:3:      layout_rooms
D:4:      layout_basic

Skill      XL: |  1  2  3  4 |
---------------+-------------+-----
Shields        | 4 |  4.8
Fighting       | 4 |  4.7
Armour         | 4 |  4.7
Maces & Flails | 3 |  3.5

Action                   |  1- 3 |  4- 6 || total
-------------------------+-------+-------++-------
Melee: Flail             |   168 |       ||   168
       Morningstar       |     1 |    70 ||    71
  Use: Scroll            |     3 |     2 ||     5
Armor: Scale mail        |   134 |    45 ||   179
Dodge: Dodged            |   106 |    31 ||   137
Block: Buckler           |    43 |    21 ||    64

Table legend: (Time is in decaauts)
 A = Elapsed time spent in this place.
 B = Non-inter-level travel time spent in this place.
 C = Inter-level travel time spent in this place.
 D = Time resting spent in this place.
 E = Time spent auto-exploring this place.
 F = Levels seen in this place.
 G = Mean time per level.
                   A        B        C        D        E       F      G
               +--------+--------+--------+--------+--------+-----+--------+
         Total |   2750 |   2644 |    106 |    178 |   1831 |   4 |  687.5 |
       Dungeon |   2750 |   2644 |    106 |    178 |   1831 |   4 |  687.5 |
               +--------+--------+--------+--------+--------+-----+--------+

Top non-repeatable levels by time:
     D:2: 1115 daAuts
     D:1: 766 daAuts
     D:3: 513 daAuts
     D:4: 355 daAuts
